 Dungeon Crawl Stone Soup version 0.22-a0-268-g1cc83ef (webtiles) character file.

672 4thArraOfDagon the Digger (level 7, -3/46 HPs)
             Began as a Barachi Earth Elementalist on Mar 9, 2018.
             Was an Initiate of Sif Muna.
             Slain by a killer bee (7 damage)
             ... on level 7 of the Dungeon.
             The game lasted 00:08:16 (1191 turns).

4thArraOfDagon the Digger (BaEE)                    Turns: 1191, Time: 00:08:17

Health: -3/46      AC:  3    Str: 10    XL:     7   Next: 59%
Magic:  9/14       EV: 18    Int: 22    God:    Sif Muna [......]
Gold:   108        SH:  0    Dex: 21    Spells: 8/16 levels left

rFire    + . .     SeeInvis +   g - +0 short sword
rCold    + . .     Gourm    .   (no shield)
rNeg     . . .     Faith    .   c - +0 robe
rPois    +         Spirit   .   k - +0 helmet of the Poles {Dex+4 SInv} (curse)
rElec    +         Reflect  .   (no cloak)
rCorr    +         Harm     .   (no gloves)
MR       .....                  (no boots)
Stlth    ++++......             (no amulet)
HPRegen  0.15/turn              i - ring of stealth
MPRegen  0.14/turn              (no ring)

@: brilliant, agile, lethally poisoned (-3 -> -8), resistant, slow
A: +LOS, swims, slowness 1, strong legs 1
a: Hop, Renounce Religion


You were on level 7 of the Dungeon.
You worshipped Sif Muna.
Sif Muna was noncommittal.
You were not hungry.

You visited 2 branches of the dungeon, and saw 8 of its levels.

You collected 108 gold pieces.

Inventory:

Hand Weapons
 g - a +0 short sword (weapon)
Missiles
 b - 72 stones (quivered)
Armour
 c - a +0 robe (worn)
 k - the cursed +0 helmet of the Poles (worn) {Dex+4 SInv}
   (You found it on level 7 of the Dungeon)

   It affects your dexterity (+4).
   It lets you see invisible.
   It has a curse placed upon it.
Jewellery
 i - a ring of stealth (left hand)
Wands
 m - a wand of enslavement (4)
Scrolls
 f - 2 scrolls of noise
 l - 5 scrolls of remove curse
Potions
 a - 2 potions of brilliance
 j - a potion of might
Comestibles
 d - 4 rations


   Skills:
 - Level 2.1 Dodging
 - Level 1.7 Stealth
 + Level 5.1 Spellcasting
 - Level 1.1 Transmutations
 * Level 7.2 Earth Magic


You had 8 spell levels left.
You knew the following spells:

 Your Spells              Type           Power        Failure   Level  Hunger
a - Sandblast             Erth           ######       1%          1    None
b - Passwall              Tmut/Erth      #####.....   1%          2    None
c - Lee's Rapid Deconstr  Erth           ######....   1%          5    #####..


Dungeon Overview and Level Annotations

Branches:
Dungeon (7/15)             Temple (1/1) D:7

Altars:
Cheibriados
Dithmenos
Elyvilon
Fedhas
Gozag
Hepliaklqana
Kikubaaqudgha
Makhleb
Nemelex Xobeh
Okawaru
Qazlal
Ru
Sif Muna
Trog
Uskayaw
Wu Jian
Xom
Yredelemnul
The Shining One

Annotations:
D:5 Edmund
D:6 nikopol's ghost, novice DEFE


Innate Abilities, Weirdness & Mutations

Shadows flee at your approach. (+LOS)
You can swim through water.
You cover ground slowly.
You can hop short distances.


Message History

You feel protected.
You feel sick.
The worker ant twitches its antennae in your direction.
The killer bee barely misses you. The leopard gecko bites you.
* * * LOW HITPOINT WARNING * * *
The killer bee closely misses you. The leopard gecko barely misses you.
Unknown command.
Casting: Sandblast (safe; 1% risk of failure)
Confirm with . or Enter, or press ? or * to list all spells.
Aiming: Lee's Rapid Deconstruction (safe; 1% risk of failure)
Press: ? - help, Dir - move target cursor The wall shatters!
The blast of rock fragments hits the leopard gecko.
You kill the leopard gecko!
Sif Muna accepts your kill.
The blast of rock fragments hits the killer bee.
The killer bee is heavily wounded.
* * * LOW HITPOINT WARNING * * *
You feel sick. The killer bee completely misses you. The killer bee stings you!
You die...

.......................
......#......a#........
..'.....##..................
..#........#...>...#........
.l.....##.........).#######
#..... #.#.......#...[))).
#..... #............######
#..o.. #.#.#.#.#.#....5..#
#..... #†@.........####.%.
#.....#.y#.........# #...
#.....')†#.......### #...
#.....#####..#...# #...
###+#. ......... ###... #.
##....##.# ...#. #y ...## .#
#.H#. #y #..# ###.)## #. ..#
#..<.##


You could see a worker ant and a killer bee.

Vanquished Creatures
  Menkaure (D:6)
  A phantom (D:6)
  A water moccasin skeleton (D:7)
  3 killer bees (D:7)
  A centaur zombie (D:5)
  A crimson imp (D:7)
  A jelly (D:5)
  2 hounds
  An orc wizard (D:7)
  A bullfrog skeleton (D:7)
  A gnoll (D:6)
  4 adders
  An adder zombie (D:5)
  3 leopard geckos
  8 orcs
  2 ball pythons (D:1)
  4 giant cockroaches
  2 goblins
  2 hobgoblins
  A jackal (D:5)
  2 kobolds
  A frilled lizard (D:1)
  2 rats (D:3)
46 creatures vanquished.

Vanquished Creatures (collateral kills)
  2 orcs (D:7)
2 creatures vanquished.

Vanquished Creatures (others)
  An orc (D:7)
1 creature vanquished.

Grand Total: 49 creatures vanquished

Notes
Turn   | Place    | Note
-------+----------+-------------------------------------------
     0 | D:1      | 4thArraOfDagon the Barachi Earth Elementalist began the quest for the Orb.
     0 | D:1      | Reached XP level 1. HP: 13/13 MP: 3/3
     8 | D:1      | Thaneod: gdzie te zigi!
    60 | D:1      | 4thArraOfDagon: no mussze cos zbudowac :P
    91 | D:1      | Reached XP level 2. HP: 17/19 MP: 1/5
   106 | D:1      | Thaneod: grsu
   176 | D:2      | Thaneod: trog or tso
   255 | D:3      | Learned a level 2 spell: Passwall
   258 | D:3      | Reached XP level 3. HP: 20/24 MP: 4/7
   325 | D:3      | Found an ornate altar of the Wu Jian Council.
   395 | D:3      | Reached skill level 4 in Earth Magic
   433 | D:4      | You fall through a shaft!
   433 | D:5      | Entered Level 5 of the Dungeon
   445 | D:5      | Reached XP level 4. HP: 30/30 MP: 4/8
   447 | D:5      | Noticed Edmund
   512 | D:6      | Noticed nikopol's ghost (novice DEFE)
   514 | D:6      | Reached skill level 5 in Earth Magic
   514 | D:6      | Reached XP level 5. HP: 35/35 MP: 5/10
   516 | D:6      | Noticed a sky beast
   551 | D:5      | Noticed an ice beast
   562 | D:5      | Learned a level 5 spell: Lee's Rapid Deconstruction
   661 | D:6      | Noticed Menkaure
   677 | D:6      | Killed Menkaure
   677 | D:6      | Reached XP level 6. HP: 25/41 MP: 6/12
   682 | D:6      | Noticed a phantom
   687 | D:7      | Noticed a hippogriff
   709 | D:6      | Killed a phantom
   709 | D:6      | Reached skill level 6 in Earth Magic
   864 | D:6      | Noticed an orc warrior
   906 | D:7      | Found a staircase to the Ecumenical Temple.
   911 | D:7      | Reached XP level 7. HP: 33/46 MP: 4/13
  1127 | Temple   | Entered the Ecumenical Temple
  1151 | Temple   | Became a worshipper of Sif Muna the Loreminder
  1165 | D:7      | Got a spiked helmet
  1171 | D:7      | Identified the cursed +0 helmet of the Poles {Dex+4 SInv} (You found it on level 7 of the Dungeon)
  1186 | D:7      | Reached skill level 5 in Spellcasting
  1186 | D:7      | Reached skill level 7 in Earth Magic
  1191 | D:7      | Slain by a killer bee

Vault maps used:
D:1:      scummos_arrival_simple_fountains, minmay_misc_feat_tiny
D:2:      serial_forest, infiniplex_forest_lined_room_,
          infiniplex_forest_straight_2, infiniplex_forest_lined_3,
          infiniplex_forest_end_3, infiniplex_forest_pool, minivault_26
D:3:      old_standard_altar, uniq_sigmund
D:5:      minitemple, first_ration, minmay_bent, uniq_edmund
D:6:      minmay_liquid_box, uniq_eustachio, uniq_menkaure
D:7:      cheibrodos_steamvent, minmay_temple_entry_glass, serial_shops,
          nicolae_shop_crystal, minivault_4
Temple:   compressed_dpeg_circular_temple

Skill      XL: |  1  2  3  4  5  6  7 |
---------------+----------------------+-----
Earth Magic    | 4 5 6 7 |  7.2
Spellcasting   | 3 4 5 |  5.1
Dodging        | |  2.1
Stealth        | |  1.7
Transmutations | |  1.1

Action                   |  1- 3 |  4- 6 |  7- 9 || total
-------------------------+-------+-------+-------++-------
Melee: Short sword       |    22 |     6 |    10 ||    38
 Cast: Sandblast         |    22 |    35 |    13 ||    70
       Lee's Rapid Decon |       |     2 |     3 ||     5
 Abil: Hop               |       |     1 |       ||     1
Evoke: Wand              |       |       |     3 ||     3
  Use: Scroll            |       |     8 |       ||     8
       Potion            |       |     3 |     5 ||     8
 Stab: Sleeping          |     1 |       |       ||     1
  Eat: Ration            |       |     1 |       ||     1
Armor: Robe              |     5 |     5 |     1 ||    11
Dodge: Dodged            |    23 |    14 |    27 ||    64

Table legend:
 A = Spawn XP
 B = Non-spawn XP
 C = Spawn XP percentage of total XP
 D = Spawn monster count
 E = Non-spawn monster count
 F = Spawn count percentage of total count
 G = Total turns spent on level
                    A         B        C        D         E        F      G
               +---------+---------+-------+---------+---------+-------+---------
         Total |       0 |     961 |   0.0 |       0 |      48 |   0.0 |  1191
               +---------+---------+-------+---------+---------+-------+---------
           D:1 |       0 |      11 |   0.0 |       0 |       6 |   0.0 |   121
           D:2 |       0 |       7 |   0.0 |       0 |       4 |   0.0 |    94
           D:3 |       0 |      35 |   0.0 |       0 |       7 |   0.0 |   186
           D:5 |       0 |     159 |   0.0 |       0 |       7 |   0.0 |   205
           D:6 |       0 |     372 |   0.0 |       0 |       8 |   0.0 |   244
           D:7 |       0 |     377 |   0.0 |       0 |      16 |   0.0 |   275
               +---------+---------+-------+---------+---------+-------+---------
